 Dungeon Crawl Stone Soup version 0.31-a0-986-g5e6e4ef867 (webtiles) character file.

Game seed: 8738965054946989321

209 Dittersdorf the Shield-Bearer (level 6, -6/48 HPs)
             Began as a Human Fighter on Nov 9, 2023.
             Mangled by a wyvern (13 damage)
             ... on level 3 of the Dungeon.
             The game lasted 00:03:30 (2925 turns).

Dittersdorf the Shield-Bearer (Human Fighter)       Turns: 2925, Time: 00:03:30

Health: -6/48      AC: 13    Str: 17    XL:     6   Next: 12%
Magic:  6/6        EV: 10    Int:  8    God:
Gold:   175        SH:  5    Dex: 14    Spells: 5/5 levels left

rFire   . . .        a - +0 long sword
rCold   . . .        c - +0 buckler
rNeg    . . .        v - +5 ring mail of Fun and Games {rPois rCorr Str-2 Dex+2}
rPois   +            j - +0 helmet
rElec   .            p - +0 cloak of Dufed {Rampage Stlth+}
rCorr   +            (no gloves)
SInv    .            (no boots)
Will    .....        (no amulet)
Stlth   ++           (no ring)
HPRegen 0.28/turn    (no ring)
MPRegen 0.10/turn

%: rampage
@: no status effects
A: no striking features
a: no special abilities


You were on level 3 of the Dungeon.
You visited 1 branch of the dungeon, and saw 4 of its levels.

You collected 175 gold pieces.

Inventory:

Hand Weapons
 a - a +0 long sword (weapon)
Missiles
 e - 5 silver javelins (quivered)
Armour
 c - a +0 buckler (worn)
 j - a +0 helmet (worn)
 p - the +0 cloak of Dufed (worn) {Rampage Stlth+}
   (You found it on level 2 of the Dungeon)

   Rampage:   It bestows one free step when moving towards enemies.
   Stlth+:    It makes you more stealthy.
 v - the +5 ring mail of Fun and Games (worn) {rPois rCorr Str-2 Dex+2}
   (You found it on level 3 of the Dungeon)

   Str-2:     It affects your strength (-2).
   Dex+2:     It affects your dexterity (+2).
   rPois:     It protects you from poison rCorr: It protects you from acid and
   corrosion.
Jewellery
 q - a +6 ring of dexterity
Scrolls
 b - 2 scrolls of fog {unknown}
 h - 2 scrolls of poison {unknown}
 l - 2 scrolls of revelation {unknown}
 m - 2 scrolls of identify {unknown}
 r - a scroll of immolation {unknown}
 s - 3 scrolls of amnesia {unknown}
 t - a scroll of silence {unknown}
 u - a scroll of torment {unknown}
Potions
 d - a potion of might
 f - a potion of resistance {unknown}
 g - a potion of mutation {unknown}
 i - a potion of attraction {unknown}
 k - 2 potions of brilliance {unknown}
 n - a potion of invisibility {unknown}
 o - 2 potions of curing {unknown}


   Skills:
 + Level 4.0 Fighting
 + Level 3.2 Long Blades
 + Level 4.1 Armour
 + Level 4.1 Shields


You had 5 spell levels left.
You didn't know any spells.
Your spell library contained the following spells:

 Spells                   Type           Power      Damage    Failure   Level
 Cigotuvi's Dreadful Rot  Necr/Pois/Air  0%         N/A       83%         2
 Ignite Poison            Fire/Tmut/Pois 0%         N/A       96%         3
 Tukima's Dance           Hex            0%         N/A       96%         3
 Dimensional Bullseye     Hex/Tloc       0%         N/A       100%        4
 Iskenderun's Mystic Bla  Conj/Tloc      0%         2d3       100%        4
 Freezing Cloud           Conj/Ice/Air   0%         6-21      100%        5


Dungeon Overview and Level Annotations

Branches:
Dungeon (4/15)
 Temple: D:4-7

Altars:

Shops:
D:2 *


Message History

The wyvern bites you!
You are too injured to fight recklessly!
You are too injured to fight recklessly!
You are too injured to fight recklessly!
You are too injured to fight recklessly!
You are too injured to fight recklessly!
You are too injured to fight recklessly!
You are too injured to fight recklessly!
You are too injured to fight recklessly!
You are too injured to fight recklessly!
You are too injured to fight recklessly!
You are too injured to fight recklessly!
You are too injured to fight recklessly!
You are too injured to fight recklessly!
You are too injured to fight recklessly!
You are too injured to fight recklessly!
You are too injured to fight recklessly!
The adder attacks as it pursues you! The adder completely misses you.
The adder barely misses you.
You see here a potion of might.
There is a stone staircase leading up here.
The wyvern closely misses you.
You climb upwards.
There is a stone staircase leading down here.
You closely miss the wyvern.
The wyvern is moderately wounded.
The wyvern barely misses you.
The wyvern bites you but does no damage.
You hit the wyvern.
The wyvern is heavily wounded.
The wyvern barely misses you. The wyvern closely misses you.
You hit the wyvern.
The wyvern is heavily wounded.
The wyvern bites you!
* * * LOW HITPOINT WARNING * * *
The wyvern bites you but does no damage.
You closely miss the wyvern.
The wyvern is heavily wounded.
The wyvern bites you!
You die...

########### #.........#
#.###.....# #######+###.....#
####### #...............# #.....#
#...............# #.....#
#..........#@#########.....##
#..........l.........'.......
#...............######.....##
#####(#.#.###.#.# #######
#.#.........## #####
#.#.#.###.#..# #...#
#.#.#.#)#.#.'############ #...#
#.#.#.###.#..........#...
#...#####....................#...


You could see a wyvern.

Vanquished Creatures
  Jessica (D:3)
  Natasha (D:2)
  Robin (D:1)
  5 adders
  A white imp (D:3)
  2 worms (D:2)
  6 dart slugs
  4 ball pythons
  12 bats
  4 endoplasms (D:1)
  A giant cockroach (D:1)
  14 goblins
  8 hobgoblins
  A quokka (D:2)
  7 frilled lizards
  6 kobolds
  5 rats
79 creatures vanquished.

Notes
Turn   | Place    | Note
-------+----------+-------------------------------------------
     0 | D:1      | Dittersdorf the Human Fighter began the quest for the Orb.
     0 | D:1      | Reached XP level 1. HP: 18/18 MP: 1/1
    57 | D:1      | Reached XP level 2. HP: 2/24 MP: 2/2
   262 | D:1      | Found a faded altar of an unknown god.
   401 | D:1      | Reached XP level 3. HP: 15/29 MP: 3/3
   744 | D:2      | Noticed Robin
   936 | D:1      | Reached XP level 4. HP: 35/35 MP: 4/4
  1054 | D:1      | Killed Robin
  1190 | D:2      | Noticed Natasha
  1200 | D:2      | Killed Natasha
  1261 | D:2      | Found Ethuynn's Assorted Antiques.
  1366 | D:2      | Identified the +0 cloak of Dufed {Rampage Stlth+}
  1385 | D:2      | Reached XP level 5. HP: 41/42 MP: 5/5
  2245 | D:3      | Identified the +5 ring mail of Fun and Games {rPois rCorr
                  | Str-2 Dex+2}
  2543 | D:3      | Noticed Jessica
  2550 | D:3      | Killed Jessica
  2553 | D:3      | Reached XP level 6. HP: 35/48 MP: 6/6
  2907 | D:4      | Noticed a wyvern
  2925 | D:3      | Mangled by a wyvern

Illustrated notes

Levels and vault maps discovered:
D:1:      heliophobic_arrival_ceremonial_halls, layout_rooms,
          dreamdust_ecumenical_altar_grove
D:2:      layout_basic, serial_shops, nicolae_shop_pleasant_corner_grove,
          minmay_increasing_density, uniq_robin, uniq_natasha
D:3:      layout_basic, minmay_surrounded, uniq_jessica
D:4:      layout_basic, chequers_temple_overflow_statue_of_worship,
          minmay_temple_entry_tees, saegor_snake_ambush

Skill      XL: |  1  2  3  4  5 |
---------------+----------------+-----
Long Blades    | 3 |  3.2
Fighting       | 4 |  4.0
Armour         | 4 |  4.1
Shields        | 4 |  4.1

Action                     |  1- 3 |  4- 6 || total
---------------------------+-------+-------++-------
  Melee: Long sword        |   128 |   168 ||   296
   Stab: Distracted        |       |     1 ||     1
 Armour: Scale mail        |   119 |    40 ||   159
         Ring mail         |       |    55 ||    55
         Chain mail        |       |    30 ||    30
  Dodge: Dodged            |    71 |    96 ||   167
  Block: Buckler           |    31 |    37 ||    68

Table legend: (Time is in decaauts)
 A = Elapsed time spent in this place.
 B = Non-inter-level travel time spent in this place.
 C = Inter-level travel time spent in this place.
 D = Time resting spent in this place.
 E = Time spent auto-exploring this place.
 F = Levels seen in this place.
 G = Mean time per level.
                   A        B        C        D        E       F      G
               +--------+--------+--------+--------+--------+-----+--------+
         Total |   3022 |   2962 |     60 |    356 |   1902 |   4 |  755.5 |
       Dungeon |   3022 |   2962 |     60 |    356 |   1902 |   4 |  755.5 |
               +--------+--------+--------+--------+--------+-----+--------+

Top non-repeatable levels by time:
     D:2: 1105 daAuts
     D:1: 1100 daAuts
     D:3: 777 daAuts
     D:4: 38 daAuts
